 Dungeon Crawl Stone Soup version 0.32-a0-938-g40ac7a0f4d (webtiles) character file.

Game seed: 2596009543067819137

30 uglyjohn the Chopper (level 3, -4/31 HPs)
             Began as a Mountain Dwarf Monk on Apr 15, 2024.
             Slain by a cerulean imp
             ... wielding a +2 spear
             ... summoned by Natasha
              (5 damage)
             ... on level 2 of the Dungeon.
             The game lasted 00:01:31 (1052 turns).

uglyjohn the Chopper (Mountain Dwarf Monk)          Turns: 1052, Time: 00:01:31

Health: -4/31      AC:  2    Str: 15    XL:     3   Next: 3%
Magic:  3/3        EV: 11    Int: 10    God:
Gold:   69         SH:  0    Dex: 12    Spells: 2/2 levels left

rFire   . . .        a - +0 hand axe
rCold   . . .        d - orb {light}
rNeg    . . .        b - +0 robe
rPois   .            (no helmet)
rElec   .            (no cloak)
rCorr   .            (no gloves)
SInv    .            (no boots)
Will    .....        (no amulet)
Stlth   +            (no ring)
HPRegen 0.25/turn    (no ring)
MPRegen 0.08/turn

%: no passive effects
@: glowing
A: runic magic, artefact enchanting
a: no special abilities


You were on level 2 of the Dungeon.
You visited 1 branch of the dungeon, and saw 2 of its levels.

You collected 69 gold pieces.

Inventory:

Hand Weapons
 a - a +0 hand axe (weapon)
Armour
 b - a +0 robe (worn)
 d - an orb of light (worn)
Scrolls
 e - a scroll of identify {unknown}
 h - a scroll of blinking {unknown}
 i - a scroll of enchant weapon {unknown}
Potions
 c - a potion of ambrosia
 f - a potion of resistance {unknown}
 g - 2 potions of cancellation {unknown}


   Skills:
 + Level 3.6 Fighting
 * Level 4.3 Axes
 + Level 1.1 Armour
 - Level 2.1 Dodging
 + Level 1.3 Invocations


You had 2 spell levels left.
You didn't know any spells.
Your spell library contained the following spells:

 Spells                   Type           Power      Damage    Failure   Level
 Stone Arrow              Conj/Erth      0%         3d7       75%         3
 Animate Armour           Summ/Erth      0%         N/A       98%         4
 Lehudib's Crystal Spear  Conj/Erth      0%         10d2      100%        8


Dungeon Overview and Level Annotations

Branches:
Dungeon (2/15)

Altars:

Annotations:
D:2 Natasha


Innate Abilities, Weirdness & Mutations

Your spellcasting is much less encumbered by armour.
You can use scrolls of enchantment on lesser artefacts.


Message History

You now have 69 gold pieces (gained 11).
The quokka bites you.
You hit the quokka.
You kill the quokka!
Natasha, Servant of Life and Death comes into view.
Natasha hisses angrily.
Natasha is nearby!
Natasha is nearby!
Natasha is nearby!
You closely miss Natasha. Natasha claws you.
You hit Natasha.
Natasha is moderately wounded.
Natasha mumbles some strange words.
You barely miss Natasha.
Natasha is moderately wounded.
You barely miss the cerulean imp. Natasha claws you.
The cerulean imp barely misses you.
You closely miss Natasha.
Natasha is moderately wounded.
You hit the cerulean imp. Natasha casts a spell at you.
The magic dart hits you! The cerulean imp misses you.
You hit Natasha but do no damage.
Natasha is moderately wounded.
You closely miss the cerulean imp. Natasha misses you.
The cerulean imp hits you with a +2 spear.
You hit Natasha but do no damage.
Natasha is moderately wounded.
You hit the cerulean imp but do no damage.
Natasha stares at you and mumbles some strange words.
The magic dart hits you!
* * * LOW HITPOINT WARNING * * *
The cerulean imp hits you with a +2 spear.
* * * LOW HITPOINT WARNING * * *
Natasha mumbles some strange words.
You hit Natasha.
Natasha is moderately wounded.
You hit the cerulean imp.
The cerulean imp hits you with a +2 spear.
You die...

#..# ....# #..#
####...#####..###
###.........##....#
.................#
#.........##....###
####..5......#......#
.............#.#.##.#
#..h@.......#.# #
##.5.....####.##.#
##.....## #.##.#
##...## #.##.#
.....### #.##.#
###### #.##.# #.##.#
#.##.# ##.##.#


You could see Natasha and 2 cerulean imps.

Vanquished Creatures
  3 ball pythons (D:1)
  6 bats
  3 endoplasms (D:1)
  A giant cockroach (D:2)
  A goblin (D:1)
  5 hobgoblins
  A quokka (D:2)
  4 kobolds
  3 rats (D:1)
27 creatures vanquished.

Notes
Turn   | Place    | Note
-------+----------+-------------------------------------------
     0 | D:1      | uglyjohn the Mountain Dwarf Monk began the quest for the
                  | Orb.
     0 | D:1      | Reached XP level 1. HP: 19/19 MP: 1/1
   275 | D:1      | Reached XP level 2. HP: 26/26 MP: 2/2
   316 | D:1      | Reached skill level 4 in Axes
   456 | D:1      | Reached skill level 1 in Invocations
   605 | D:1      | Reached skill level 1 in Armour
  1000 | D:2      | Reached XP level 3. HP: 31/31 MP: 3/3
  1043 | D:2      | Noticed Natasha
  1051 | D:2      | HP: 1/31 [cerulean imp/+2 spear[Natasha] (4)]
  1052 | D:2      | Slain by a cerulean imp

Illustrated notes

Levels and vault maps discovered:
D:1:      dpeg_arrival_pond, layout_basic, serial_forest,
          infiniplex_forest_straight_3, infiniplex_forest_lined_3,
          infiniplex_forest_lined_3_way, infiniplex_forest_clump_curved,
          infiniplex_forest_straight_3, infiniplex_forest_clump_small,
          palyth_stone_intersect, chequers_serial_rivers_micro_e,
          skrybe_limestone_x, chequers_serial_rivers_small_3
D:2:      layout_loops_ring, uniq_natasha

Skill      XL: |  1  2 |
---------------+-------+-----
Axes           | 4 |  4.3
Invocations    | 1 |  1.3
Armour         | 1 |  1.1
Fighting       | |  3.6
Dodging        | |  2.1

Action                     || total
---------------------------++-------
  Melee: Hand axe          ||    70
 Armour: Robe              ||    38
  Dodge: Dodged            ||    49

Table legend: (Time is in decaauts)
 A = Elapsed time spent in this place.
 B = Non-inter-level travel time spent in this place.
 C = Inter-level travel time spent in this place.
 D = Time resting spent in this place.
 E = Time spent auto-exploring this place.
 F = Levels seen in this place.
 G = Mean time per level.
                   A        B        C        D        E       F      G
               +--------+--------+--------+--------+--------+-----+--------+
         Total |   1062 |   1026 |     36 |     69 |    763 |   2 |  531.0 |
       Dungeon |   1062 |   1026 |     36 |     69 |    763 |   2 |  531.0 |
               +--------+--------+--------+--------+--------+-----+--------+

Top non-repeatable levels by time:
     D:1: 897 daAuts
     D:2: 164 daAuts
